 Dungeon Crawl Stone Soup version 0.28.0-1-gb440e238dd (webtiles) character file.

Game seed: 6029072223957142267

9 Snicker the Sneak (level 2, 0/24 HPs)
             Began as a Demonspawn Delver on Feb 21, 2022.
             Slain by a water moccasin skeleton (6 damage)
             ... on level 5 of the Dungeon.
             The game lasted 00:00:28 (101 turns).

Snicker the Sneak (Demonspawn Delver)                Turns: 101, Time: 00:00:29

Health: 0/24       AC:  3    Str: 12    XL:     2   Next: 3%
Magic:  2/2        EV: 11    Int: 11    God:
Gold:   47         SH:  4    Dex: 14    Spells: 1/1 levels left

rFire   . . .      SeeInvis .   a - +0 short sword
rCold   . . .      Faith    .   (no shield)
rNeg    . . .      Spirit   .   b - +0 leather armour
rPois   .          Reflect  .   (no helmet)
rElec   .          Harm     .   (no cloak)
rCorr   .          Rampage  .   (no gloves)
Will    .....                   (no boots)
Stlth   +++.......              (no amulet)
HPRegen 0.08/turn               (no ring)
MPRegen 0.08/turn               (no ring)

@: no status effects
A: condensation shield
a: no special abilities


You were on level 5 of the Dungeon.
You visited 1 branch of the dungeon, and saw 2 of its levels.

You collected 47 gold pieces.

Inventory:

Hand Weapons
 a - a +0 short sword (weapon)
Armour
 b - a +0 leather armour (worn)
Wands
 g - a wand of digging (3)
Scrolls
 c - a scroll of fog
 d - a scroll of magic mapping
 e - a scroll of fear
 h - a scroll of amnesia {unknown}
Potions
 f - a potion of haste


   Skills:
 + Level 3.0 Fighting
 * Level 1.9 Short Blades
 + Level 1.7 Dodging
 * Level 4.8 Stealth


You had one spell level left.
You didn't know any spells.
Your spell library was empty.

Dungeon Overview and Level Annotations

Branches:
Dungeon (6/15)
 Temple: D:4-7

Altars:


Innate Abilities, Weirdness & Mutations

A meltable shield of frost defends you. (SH +4)


Message History

The water moccasin skeleton is lightly damaged.
The water moccasin skeleton closely misses you.
You hit the water moccasin skeleton.
The water moccasin skeleton is moderately damaged.
You block the water moccasin skeleton's attack.
The water moccasin skeleton bites you.
You hit the water moccasin skeleton but do no damage.
The water moccasin skeleton is moderately damaged.
The water moccasin skeleton bites you but does no damage.
You hit the water moccasin skeleton but do no damage.
The water moccasin skeleton is moderately damaged.
The water moccasin skeleton barely misses you.
You hit the water moccasin skeleton.
The water moccasin skeleton is moderately damaged.
The water moccasin skeleton bites you!
You barely miss the water moccasin skeleton.
The water moccasin skeleton is moderately damaged.
The water moccasin skeleton closely misses you.
You hit the water moccasin skeleton.
The water moccasin skeleton is heavily damaged.
The water moccasin skeleton bites you.
The water moccasin skeleton barely misses you.
You barely miss the water moccasin skeleton.
The water moccasin skeleton is heavily damaged.
The water moccasin skeleton bites you.
You hit the water moccasin skeleton.
The water moccasin skeleton is heavily damaged.
The water moccasin skeleton barely misses you.
You hit the water moccasin skeleton.
The water moccasin skeleton is severely damaged.
The water moccasin skeleton barely misses you.
You closely miss the water moccasin skeleton.
The water moccasin skeleton is severely damaged.
The water moccasin skeleton bites you but does no damage.
You hit the water moccasin skeleton.
The water moccasin skeleton is severely damaged.
The water moccasin skeleton bites you.
* * * LOW HITPOINT WARNING * * *
The water moccasin skeleton bites you.
You die...

#...... #......
#......+ #......
#......###+##.....
#...............#######
#...............#......
#...............+......
+...............#......
#...............#......
#....Z@##########......
........# #.......
........# #####+##
..####### ... # . ....
# /.... # ...s..#
......+ ......#


You could see a water moccasin skeleton.

Vanquished Creatures
  An adder (D:6)
1 creature vanquished.

Notes
Turn   | Place    | Note
-------+----------+-------------------------------------------
     0 | D:5      | Snicker the Demonspawn Delver began the quest for the Orb.
     0 | D:5      | Reached XP level 1. HP: 18/18 MP: 1/1
    20 | D:6      | Gained mutation: A meltable shield of frost defends you.
                  | (SH +4) [demonic ancestry]
    20 | D:6      | Reached XP level 2. HP: 24/24 MP: 2/2
    28 | D:6      | Noticed a centaur
    59 | D:5      | Noticed a scorpion
   101 | D:5      | Slain by a water moccasin skeleton

Illustrated notes

Levels and vault maps discovered:
D:5:      layout_gridville, uniq_pikel
D:6:      layout_basic, grunt_temple_overflow_open, chequers_mini_garden

Action                   || total
-------------------------++-------
Melee: Short sword       ||    14
       Punch             ||     1
 Stab: Sleeping          ||     1
Armor: Leather armour    ||     2
Dodge: Dodged            ||     7
Block: Other             ||     1
